Map: Deathaura LE

Players

Trap - Winner!

  • Race: Protoss Protoss
  • Spawn Location: 11:00

Dream

  • Race: Terran Terran
  • Spawn Location: 5:00

Event: IEM Katowice 2021

VOD

Have the link to the VOD?

Description

Time

  • Played on: Feb. 24, 2021, 1:44 p.m.
  • Length: 7:25

All games in this series

Show
View Real Time Build Order
Export as new Build Order

Trap Protoss - Winner!

Build Orders: 1 Gate Expand, Blink Stalkers, Dark Templar Rush 

Get SALT Encoding   

  12  0:00  Probe  
  13  0:12  Probe  
  14  0:17  Pylon  
  14  0:24  Probe (Chrono Boost)  
  15  0:36  Probe (Chrono Boost), Gateway  
  16  0:44  Probe (Chrono Boost)  
  16  0:48  Assimilator  
  17  0:50  Probe  
  18  1:03  Probe  
  19  1:15  Probe  
  20  1:23  Cybernetics Core  
  20  1:32  Nexus  
  20  1:39  Pylon  
  20  1:42  Probe  
  21  1:48  Assimilator  
  21  1:54  Probe  
  21  1:56  Adept (Chrono Boost)  
  21  2:00  Warp Gate  
  24  2:06  Probe  
  25  2:17  Adept (Chrono Boost)  
  25  2:18  Probe  
  28  2:24  Twilight Council  
  28  2:31  Probe  
  29  2:38  Adept (Chrono Boost)  
  31  2:44  Probe x2  
  33  2:56  Probe x2  
  35  3:01  Dark Shrine  
  35  3:08  Probe x2  
  37  3:13  Gateway  
  37  3:16  Stalker  
  39  3:20  Probe  
  39  3:21  Probe  
  41  3:29  Pylon  
  41  3:30  Pylon  
  41  3:36  Probe x2  
  41  3:43  Blink (Chrono Boost)  
  41  3:48  Probe x2  
  41  3:54  Gateway  
  43  4:00  Assimilator, Probe  
  43  4:01  Probe  
  45  4:13  Dark Templar, Probe x2  
  49  4:18  Dark Templar  
  51  4:25  Assimilator, Probe x2  
  51  4:27  Pylon  
  53  4:34  Robotics Facility  
  53  4:37  Probe x2  
  53  4:38  Pylon  
  55  4:50  Stalker x2  
  55  4:52  Probe x2  
  55  5:08  Probe x2 (Chrono Boost)  
  57  5:20  Probe x2 (Chrono Boost)  
  54  5:25  Observer (Chrono Boost)  
  54  5:27  Stalker x3, Probe (Chrono Boost)  
  54  5:28  Probe (Chrono Boost)  
  55  5:34  Probe  
  51  5:38  Probe, Observer (Chrono Boost)  
  53  5:46  Probe  
  51  5:56  Stalker x2  
  55  6:00  Probe (Chrono Boost)  
  55  6:03  Probe (Chrono Boost)  
  54  6:09  Stalker  
  54  6:10  Observer  
  56  6:16  Probe (Chrono Boost)  
  51  6:18  Probe (Chrono Boost)  
  51  6:21  Probe (Chrono Boost)  
  50  6:34  Dark Templar x2  
  52  6:41  Probe x2  
  49  7:00  Stalker  
Show
View Real Time Build Order
Export as new Build Order

Dream Terran 

Build Orders:  

Get SALT Encoding   

  12  0:00  SCV  
  13  0:12  SCV  
  14  0:16  Supply Depot  
  14  0:24  SCV  
  15  0:38  SCV  
  15  0:39  Barracks  
  15  0:42  Refinery  
  16  0:50  SCV  
  17  1:02  SCV  
  18  1:14  SCV  
  19  1:26  Marine, Orbital Command  
  20  1:43  Command Center  
  20  1:52  Factory  
  20  1:54  SCV  
  21  2:01  Barracks Reactor  
  21  2:04  Supply Depot  
  21  2:07  SCV  
  22  2:18  Bunker  
  22  2:20  SCV  
  23  2:25  Refinery  
  23  2:32  SCV  
  24  2:40  Starport  
  24  2:44  SCV  
  24  2:45  Hellion  
  24  2:47  Hellion  
  29  2:56  Orbital Command  
  29  3:00  SCV  
  30  3:08  Widow Mine  
  30  3:09  Widow Mine  
  30  3:12  SCV  
  35  3:14  Marine  
  35  3:19  Medivac  
  38  3:23  SCV  
  39  3:28  Supply Depot  
  39  3:29  SCV  
  40  3:35  Marine  
  40  3:38  SCV  
  43  3:41  Widow Mine x2  
  43  3:44  SCV  
  44  3:50  Armory  
  44  3:52  SCV  
  45  3:56  SCV  
  46  4:04  SCV  
  46  4:05  Medivac  
  46  4:06  Widow Mine  
  46  4:08  SCV  
  46  4:09  Supply Depot  
  52  4:11  Widow Mine  
  52  4:16  Barracks Tech Lab  
  54  4:21  Supply Depot  
  54  4:30  SCV x2  
  56  4:39  Hellion x2, Marine  
  56  4:40  Engineering Bay  
  56  4:42  SCV  
  56  4:44  Viking  
  53  5:10  Missile Turret  
  45  5:28  SCV  
  45  5:32  SCV  
  46  5:43  SCV, Missile Turret  
  46  5:44  SCV  
  48  5:53  Raven  
  48  5:55  SCV  
  51  5:58  SCV  
  51  6:01  Marine  
  43  6:14  Marine  
  39  6:19  Marine  
  39  6:20  Widow Mine  
  22  6:53  Widow Mine  

Tags
 
Add a new tag
Caveats
  • Supply blocks, unpowered buildings, or Contaminate may cause inaccurate times.
  • Supply counts are checked every 10 seconds.